 Dungeon Crawl Stone Soup version 0.30-a0-534-gdc55766716 (webtiles) character file.

Game seed: 401419832384908603

99 Imper the Conjurer (level 4, -3/34 HPs)
             Began as a Draconian Conjurer on Dec 24, 2022.
             Killed from afar by Natasha (7 damage)
             ... with a puff of flame
             ... on level 3 of the Dungeon.
             The game lasted 00:13:16 (1334 turns).

Imper the Conjurer (Draconian Conjurer)             Turns: 1334, Time: 00:13:16

Health: -3/34      AC:  8    Str: 10    XL:     4   Next: 45%
Magic:  7/7        EV: 12    Int: 18    God:
Gold:   71         SH:  0    Dex: 11    Spells: 6/7 levels left

rFire   . . .      SeeInvis .    b - +0 short sword
rCold   . . .      Faith    .    (no shield)
rNeg    . . .      Spirit   .    (body armour unavailable)
rPois   .          Reflect  .    (helmet restricted)
rElec   .          Harm     .    (no cloak)
rCorr   .          Rampage  .    (no gloves)
Will    .....                    c - +2 pair of boots {Stlth+}
Stlth   +++                      (no amulet)
HPRegen 0.25/turn                (no ring)
MPRegen 0.10/turn                (no ring)

@: no status effects
A: AC +5, unfitting armour, cold-blooded
a: no special abilities


You were on level 3 of the Dungeon.
You visited 1 branch of the dungeon, and saw 3 of its levels.

You collected 71 gold pieces.

Inventory:

Hand Weapons
 b - a +0 short sword (weapon)
Missiles
 d - 2 throwing nets
Armour
 c - a +2 pair of boots of stealth (worn)
Scrolls
 e - a scroll of identify {unknown}
 h - a scroll of vulnerability {unknown}
 i - a scroll of teleportation {unknown}
 l - a scroll of butterflies {unknown}
Potions
 a - 2 potions of resistance {unknown}
 f - a potion of brilliance {unknown}
 g - 2 potions of curing {unknown}
 j - a potion of attraction {unknown}


   Skills:
 + Level 0.6 Fighting
 + Level 1.5 Short Blades
 + Level 2.3 Dodging
 + Level 2.7 Stealth
 + Level 2.2 Spellcasting
 + Level 4.6 Conjurations


You had 6 spell levels left.
You knew the following spells:

 Your Spells              Type           Power      Damage    Failure   Level
a - Magic Dart            Conj           72%        1d6       2%          1

Your spell library contained the following spells:

 Spells                   Type           Power      Damage    Failure   Level
 Searing Ray              Conj           36%        2d5       4%          2
 Dazzling Flash           Conj/Hex       20%        N/A       21%         3
 Blink                    Tloc           2%         N/A       26%         2
 Fulminant Prism          Conj/Hex       5%         3d6       56%         4
 Iskenderun's Mystic Bla  Conj/Tloc      10%        2d4       56%         4
 Summon Lightning Spire   Summ/Air       1%         N/A       87%         4
 Storm Form               Tmut/Air       0%         N/A       100%        7
 Maxwell's Capacitive Co  Air            0%         ∞         100%        8


Dungeon Overview and Level Annotations

Branches:
Dungeon (3/15)

Altars:

Annotations:
D:3 Natasha


Innate Abilities, Weirdness & Mutations

Your plain brown scales are hard. (AC +5)
You cannot fit into any form of body armour.
You are cold-blooded and may be slowed by cold attacks.


Message History

Aim: Natasha, carrying a wand of flame (6) (moderately wounded, 100% to hit)
The magic dart hits the goblin.
You kill the goblin!
The bat closely misses you.
Aiming: Magic Dart (safe; 2% risk of failure)
Press: ? - help, Q - select action, (/) - cycle Shift-Dir - straight line, f/p - Natasha
Aim: Natasha, carrying a wand of flame (6) (moderately wounded, 100% to hit)
The magic dart hits Natasha but does no damage.
Natasha is moderately wounded.
The bat hits you but does no damage. The frilled lizard misses you.
Aiming: Magic Dart (safe; 2% risk of failure)
Press: ? - help, Q - select action, (/) - cycle Shift-Dir - straight line, f - frilled lizard, p - Natasha
Aim: a frilled lizard (100% to hit)
The magic dart hits the frilled lizard.
You kill the frilled lizard!
The bat barely misses you. Natasha casts a spell at you.
The magic dart hits you.
* * * LOW HITPOINT WARNING * * *
Aiming: Magic Dart (safe; 2% risk of failure)
Press: ? - help, Q - select action, (/) - cycle Shift-Dir - straight line, f - bat
Aim: a bat (100% to hit)
The magic dart hits the bat.
The bat is heavily wounded.
The bat barely misses you. Natasha barely misses you.
Aiming: Magic Dart (safe; 2% risk of failure)
Press: ? - help, Q - select action, (/) - cycle Shift-Dir - straight line, f/p - bat
Aim: a bat (heavily wounded, 100% to hit)
The magic dart hits the bat but does no damage.
The bat is heavily wounded.
The bat barely misses you. Natasha closely misses you.
Aiming: Magic Dart (safe; 2% risk of failure)
Press: ? - help, Q - select action, (/) - cycle Shift-Dir - straight line, f - Natasha, p - bat
Aim: Natasha, carrying a wand of flame (6) (moderately wounded, 100% to hit)
The magic dart hits Natasha.
Natasha is heavily wounded.
The bat barely misses you. Natasha barely misses you.
Magic courses through your body.
Natasha zaps a wand.
The puff of flame hits you!
You die...

#.#.####.###
#..........#
##.##..h§.#
#.#.### #
#.#.#
#.##.#.#####
#.......†..#
####.#..5hb#
#.#####@#
#.# ### #.#
#.#
#####.####
#........#
#.###.##.#
#.# #.##.#
#.# #.##.#


You could see Natasha, a crimson imp (summoned) and a bat.

Vanquished Creatures
  Jessica (D:2)
  Robin (D:2)
  An adder (D:2)
  2 dart slugs
  6 bats
  2 endoplasms (D:2)
  A giant cockroach (D:1)
  8 goblins
  7 hobgoblins
  3 jackals (D:2)
  5 kobolds
  A quokka (D:2)
  2 ball pythons
  3 frilled lizards
  4 rats
47 creatures vanquished.

Notes
Turn   | Place    | Note
-------+----------+-------------------------------------------
     0 | D:1      | Imper the Draconian Conjurer began the quest for the Orb.
     0 | D:1      | Reached XP level 1. HP: 14/14 MP: 3/3
   358 | D:1      | Reached XP level 2. HP: 20/20 MP: 5/5
   656 | D:1      | You fall into a shaft and drop 1 floor!
   659 | D:2      | Noticed Jessica
   684 | D:2      | Killed Jessica
   685 | D:2      | Reached XP level 3. HP: 13/26 MP: 0/6
   694 | D:2      | Got Jessica's Octavo of the Compass
   716 | D:2      | Noticed Robin
   819 | D:2      | Reached XP level 4. HP: 14/34 MP: 3/7
   835 | D:2      | Reached skill level 1 in Short Blades
   842 | D:2      | Killed Robin
  1299 | D:3      | Noticed Natasha
  1334 | D:3      | Killed from afar by Natasha

Illustrated notes

Levels and vault maps discovered:
D:1:      amcnicky_arrival_flooded_fountain, layout_basic, minivault_27
D:2:      layout_basic, st_stairs_6, kennysheep_jessica_study, uniq_robin
D:3:      cheibrodos_greedy_goblins, layout_loops_ring,
          minmay_goblin_kobold_house, uniq_natasha

Skill      XL: |  1  2  3  4 |
---------------+-------------+-----
Stealth        | 2 |  2.7
Dodging        | 2 |  2.3
Short Blades   | 1 |  1.5
Fighting       | |  0.6
Spellcasting   | |  2.2
Conjurations   | |  4.6

Action                   |  1- 3 |  4- 6 || total
-------------------------+-------+-------++-------
Melee: Short sword       |   118 |    61 ||   179
       Tailslap          |    11 |     6 ||    17
       Punch             |     3 |       ||     3
 Cast: Magic Dart        |    15 |    14 ||    29
  Use: Potion            |     1 |     1 ||     2
 Stab: Sleeping          |     6 |     2 ||     8
Armor: Skin              |    52 |    34 ||    86
Dodge: Dodged            |    75 |    77 ||   152

Table legend: (Time is in decaauts)
 A = Elapsed time spent in this place.
 B = Non-inter-level travel time spent in this place.
 C = Inter-level travel time spent in this place.
 D = Time resting spent in this place.
 E = Time spent auto-exploring this place.
 F = Levels seen in this place.
 G = Mean time per level.
                   A        B        C        D        E       F      G
               +--------+--------+--------+--------+--------+-----+--------+
         Total |   1340 |   1340 |      0 |    413 |      0 |   3 |  446.7 |
       Dungeon |   1340 |   1340 |      0 |    413 |      0 |   3 |  446.7 |
               +--------+--------+--------+--------+--------+-----+--------+

Top non-repeatable levels by time:
     D:1: 655 daAuts
     D:2: 601 daAuts
     D:3: 83 daAuts
